Cogmind - Beta 13 @@@ ROGUE MODE // 2024.04.17 @ 01:41:45 Player: Exceptionally Mediocre Result: Destroyed by Y-54 Guardian with Gatling Laser Performance ------------- Evolutions (0) 0 Regions Visited (3) 600 Robots Destroyed (39) 195 Value Destroyed (603) 603 Prototype IDs (1) 20 Alien Tech Used (0) 0 Bonus (0) 0 TOTAL SCORE: 1418 Bonus ------- None Cogmind --------- Core Integrity 0/250 Matter 280/300 Energy 90/200 System Corruption 3% Temperature Warm (109) Movement Rolling (145) Ox3 Location -7/Recycling Parts ------- > --- POWER (1) -------- Subdweller Power Source > --- PROPULSION (2) --- Armored Huge Wheel > --- UTILITY (2) ------ Huge Storage Unit Gun Armor > --- WEAPON (2) ------- Gatling Laser Subdweller Beam Cannon > --- INVENTORY (25) --- Subdweller Power Source Subdweller Power Source Carbon-fiber Leg Carbon-fiber Leg Carbon-fiber Leg Carbon-fiber Leg Carbon-fiber Leg Armored Huge Wheel Armored Huge Wheel Scrap Engine Hardened Heavy Armor Plating Improved Light Armor Plating Powered Armor Subdweller Beam Cannon Battle Rifle Flak Gun Battle Cannon Subdweller Shrapnel Launcher Makeshift Sword Peak State ------------ > --- POWER ------------ Light Ion Engine > --- PROPULSION ------- Armored Huge Wheel > --- UTILITY ---------- Huge Storage Unit Gun Armor > --- WEAPON ----------- Makeshift Laser Subdweller Beam Cannon Improved Light Cannon Improved Light Cannon > --- INVENTORY -------- Subdweller Power Source Subdweller Power Source Subdweller Power Source Armored Huge Wheel Armored Huge Wheel Scrap Engine Improved Terrain Scanner Hardened Heavy Armor Plating Improved Light Armor Plating Medium Laser Subdweller Laser Gatling Laser Beam Cannon Subdweller Beam Cannon Battle Rifle Subdweller Machine Gun Subdweller Machine Gun Flak Gun Battle Cannon Subdweller Shrapnel Launcher Makeshift Sword [Rating: 37] Favorites ----------- Power Light Ion Engine Engine Light Ion Engine Propulsion Compact Wheel Wheel Compact Wheel Utility Huge Storage Unit Device Improved Terrain Scanner Storage Huge Storage Unit Protection Gun Armor Weapon Improved Light Cannon Energy Gun Makeshift Laser Energy Cannon Subdweller Beam Cannon Ballistic Gun Assault Rifle Ballistic Cannon Improved Light Cannon Launcher Grenade Launcher Build | -11 -10 -10 -7 ------- Run | Yrd Mat Sub Rec Slots Evolved . | . . . . Power . | . . . . Propulsion . | . . . . Utility . | . . . . Weapon . | . . . . Parts Attached 26 | 8 6 8 4 Power 5 | 1 . 3 1 Engine 5 | 1 . 3 1 Core . | . . . . Reactor . | . . . . Propulsion 5 | 2 . 1 2 Treads . | . . . . Leg . | . . . . Wheel 5 | 2 . 1 2 Hover . | . . . . Flight . | . . . . Utility 5 | 2 2 1 . Device 1 | 1 . . . Storage 3 | 1 2 . . Processor . | . . . . Hackware . | . . . . Protection 1 | . . 1 . Artifact . | . . . . Weapon 11 | 3 4 3 1 Energy Gun 3 | 1 . 1 1 Energy Cannon 2 | . 1 1 . Ballistic Gun 2 | 2 . . . Ballistic Cannon 2 | . 1 1 . Launcher 2 | . 2 . . Special Weapon . | . . . . Impact Weapon . | . . . . Slashing Weapon . | . . . . Piercing Weapon . | . . . . Special Melee Weapon . | . . . . Unidentified Prototypes 1 | . . 1 . Parts Lost 9 | . . 5 4 Power 4 | . . 3 1 Propulsion 1 | . . 1 . Utility . | . . . . Weapon 4 | . . 1 3 Highest Loss Streak 4 | . . 3 4 To Critical Strikes . | . . . . Average Slot Usage (%) 98 | . 100 99 95 Engine 11 | . 14 11 11 Wheel 22 | . 28 22 17 Device 4 | . 14 1 . Storage 12 | . 14 11 11 Protection 7 | . . 9 11 Energy Gun 7 | . . 9 11 Energy Cannon 5 | . 2 . 11 Ballistic Gun 1 | . 6 . . Ballistic Cannon 18 | . 12 21 21 Launcher 5 | . 6 10 . Naked Turns . | . . . . Heaviest Build 105 | 12 91 105 105 Greatest Support 28 | 26 26 26 28 Greatest Overweight (x) 6 | . 3 6 4 Average Overweight (x) 2 | . 1 3 3 Largest Inventory Capacity 25 | 8 25 25 25 Average Capacity 21 | 7 16 25 25 Most Carried 25 | 8 12 25 25 Average Carried 18 | 4 9 20 24 Final Capacity 25 | 8 25 25 25 Final Carried 24 | 8 12 24 23 Class Distribution -------------------- 63% | Gunner 36% | Mutant Dominant Class ---------------- Mutant | -10/Materials Gunner | -10/Subcaves Gunner | -7/Recycling Resources | -11 -10 -10 -7 ----------- Run | Yrd Mat Sub Rec Matter Collected 1170 | 301 199 405 265 Remotely . | . . . . Salvage Created 950 | 105 222 66 557 Parts 68 | 14 33 5 16 Haulers Intercepted 1 | . 1 . . Recyclers Shooed . | . . . . Parts Field Recycled . | . . . . Retrieved Matter . | . . . . Parts Self-Destructed 8 | . . 8 . Prevented . | . . . . Kills | -11 -10 -10 -7 ------- Run | Yrd Mat Sub Rec Combat Hostiles Destroyed 19 | . 11 6 2 Guns 3 | . 2 1 . Cannons 10 | . 3 5 2 AOE 6 | . 6 . . Classes Destroyed 12 | 2 7 2 1 Worker 2 | . 2 . . Builder 1 | . 1 . . Tunneler 4 | 3 1 . . Hauler 1 | . 1 . . Recycler 7 | 1 . . 6 Operator 2 | . 2 . . Turret 1 | . . 1 . Watcher 2 | . 2 . . Swarmer 12 | . 9 3 . Grunt 3 | . 2 1 . Sentry 2 | . . . 2 Subdweller 2 | . . 2 . Best Kill Streak 9 | 3 9 4 3 Combat Bots Only 3 | . 3 3 1 Max Kills in Single Turn 2 | 1 2 1 1 Gunslinging . | . . . . Exploded 1 | . 1 . . Melee . | . . . . Uniques/NPCs Destroyed . | . . . . Combat | -11 -10 -10 -7 -------- Run | Yrd Mat Sub Rec Hostile Shots Fired 168 | . 35 49 84 Missed 65 | . 12 21 32 Damage Taken 1126 | . 207 529 390 Core 256 | . 85 76 95 Absorbed by Shields . | . . . . Core Remaining (%) 100 | 100 . . . Volleys Fired 88 | 9 38 25 16 Largest 4 | 2 2 4 4 Hottest 208 | 40 99 208 208 Shots Fired 200 | 18 55 71 56 Gun 70 | 18 15 23 14 Cannon 117 | . 27 48 42 Launcher 13 | . 13 . . Special . | . . . . Kinetic 132 | 18 39 47 28 Thermal 55 | . 3 24 28 Explosive 13 | . 13 . . Electromagnetic . | . . . . Robot Hit Streak 12 | 8 3 12 9 Robot Miss Streak 4 | 1 4 3 1 Penetration Max . | . . . . Secondary Targets . | . . . . Shots Hit Robots 100 | 12 15 46 27 Core Hits 57 | 5 29 11 12 Critical Kills . | . . . . Critical Parts Destroyed . | . . . . Critical Strikes 5 | . . 1 4 Burn 4 | . . 1 3 Blast 1 | . . . 1 Melee Attacks . | . . . . Impact . | . . . . Slashing . | . . . . Piercing . | . . . . Sneak Attacks . | . . . . Combat Hostiles . | . . . . Follow-up Attacks . | . . . . Damage Inflicted 2479 | 124 846 917 592 Guns 638 | 124 70 274 170 Cannons 1274 | . 209 643 422 Explosions 567 | . 567 . . Melee . | . . . . Ramming . | . . . . Kinetic 1254 | 124 279 643 208 Thermal 658 | . . 274 384 Explosive 567 | . 567 . . Electromagnetic . | . . . . Impact . | . . . . Slashing . | . . . . Piercing . | . . . . Highest Corruption 3 | . 3 3 3 Average Corruption 2 | . 2 3 3 Corruption Purged . | . . . . Corruption Blocked . | . . . . Effects 28 | . 1 14 13 Message Errors 8 | . . 6 2 Matter Fused 8 | . 1 1 6 Heat Flow Errors 2 | . . 2 . Energy Discharges 3 | . . 2 1 Data Loss (minor) 5 | . . 2 3 Misfires 1 | . . . 1 Weapon Failures 1 | . . 1 . Overload Shots . | . . . . Overflow Damage 13 | . 13 . . Projectiles 3 | . 3 . . Explosions 10 | . 10 . . Melee . | . . . . Knockbacks 8 | . . 8 . Impact . | . . . . Kinetic 8 | . . 8 . Secondary . | . . . . Self-Inflicted Damage 15 | . 15 . . Shots 1 | . 1 . . Rammed . | . . . . Targets Rammed . | . . . . Kicked . | . . . . Crushed . | . . . . Highest Temperature 587 | . 117 234 587 Average Temperature 122 | . 39 29 180 Received Heat Transfer 249 | . 18 117 114 Effects 6 | . . . 6 Shutdowns 1 | . . . 1 Interference 3 | . . . 3 Matter Decay 2 | . . . 2 Siege Activations . | . . . . Robots Corrupted . | . . . . Combat Hostiles . | . . . . Parts Fried . | . . . . Impact Corruptions . | . . . . Robots Melted . | . . . . Combat Hostiles . | . . . . Parts Melted . | . . . . Heat Transferred 1555 | . . 666 889 Parts Sabotaged . | . . . . Parts Stolen . | . . . . Parts Stripped . | . . . . Power Chain Reactions . | . . . . Alert | -11 -10 -10 -7 ------- Run | Yrd Mat Sub Rec Peak Influence 361 | 20 361 . 188 Initial 122 | . 13 . 122 Average 124 | 10 192 . 87 Maximum Alert Level 1 | . 1 . . Low Security (%) 74 | 100 38 . 100 Level 1 25 | . 61 . . Level 2 . | . . . . Level 3 . | . . . . Level 4 . | . . . . Level 5 . | . . . . High Security . | . . . . Max Security . | . . . . Squads Dispatched 2 | . 2 . . Investigation . | . . . . Extermination . | . . . . Reinforcement 2 | . 2 . . Assault . | . . . . Garrison . | . . . . Intercept . | . . . . Searches Triggered . | . . . . Construction Impeded . | . . . . Haulers Reinforced . | . . . . Active Scanning Responses . | . . . . Cargo Convoy Interrupts . | . . . . Stealth | -11 -10 -10 -7 --------- Run | Yrd Mat Sub Rec Distress Signals 1 | . 1 . . Communications Jammed . | . . . . Distress Signals . | . . . . Times Spotted 37 | . 18 16 3 Peak Tracking Total 4 | . 4 3 1 Tactical Retreats 2 | . . 2 . Traps | -11 -10 -10 -7 ------- Run | Yrd Mat Sub Rec Traps Triggered 5 | . 2 3 . Indirectly . | . . . . Trap Hack Attempts . | . . . . Triggered . | . . . . Disarmed . | . . . . Reprogrammed . | . . . . Reused . | . . . . Traps Extracted . | . . . . Installed . | . . . . Triggered . | . . . . Machines | -11 -10 -10 -7 ---------- Run | Yrd Mat Sub Rec Machines Disabled 4 | . 1 2 1 Max in Single Turn 1 | . 1 1 1 Machines Repaired . | . . . . Machines Dismantled . | . . . . Machines Sabotaged . | . . . . Overloaded Fab Kills . | . . . . Hacking | -11 -10 -10 -7 --------- Run | Yrd Mat Sub Rec Machines Accessed 2 | . . 1 1 Terminals . | . . . . Fabricators . | . . . . Repair Stations . | . . . . Recycling Units 1 | . . . 1 Scanalyzers . | . . . . Garrison Access . | . . . . Total Hacks 4 | . . 1 3 Successful 2 | . . 1 1 Failed 2 | . . . 2 Catastrophic . | . . . . Database Lockouts . | . . . . Manual . | . . . . Terminals . | . . . . Fabricators . | . . . . Repair Stations . | . . . . Recycling Units 3 | . . . 3 Scanalyzers . | . . . . Garrison Access . | . . . . Terminal Hacks 1 | . . 1 . Record 1 | . . 1 . Fabricator Hacks . | . . . . Repair Station Hacks . | . . . . Recycling Unit Hacks 1 | . . . 1 Retrieve Components 1 | . . . 1 Scanalyzer . | . . . . Garrison Access Hacks . | . . . . Unauthorized Hacks . | . . . . Terminals . | . . . . Fabricators . | . . . . Repair Stations . | . . . . Recycling Units . | . . . . Scanalyzers . | . . . . Garrison Access . | . . . . Data Cores Recovered . | . . . . Used . | . . . . Hacking Detections 1 | . . . 1 Full Trace Events . | . . . . Feedback Events . | . . . . Feedback Blocked . | . . . . Robot Schematics Acquired . | . . . . Robots Built . | . . . . Authchips . | . . . . Time . | . . . . Total Robot Build Rating . | . . . . Part Schematics Acquired . | . . . . Parts Built . | . . . . Authchips . | . . . . Time . | . . . . Total Part Build Rating . | . . . . Parts Repaired . | . . . . Time . | . . . . Parts Recycled . | . . . . Recycled Matter . | . . . . Retrieved Matter . | . . . . Retrieved Components 1 | . . . 1 Parts Scanalyzed . | . . . . Part Schematics Acquired . | . . . . Parts Damaged . | . . . . Bothacking | -11 -10 -10 -7 ------------ Run | Yrd Mat Sub Rec Used RIF Installer . | . . . . Robots Hacked . | . . . . Non-combat . | . . . . Combat . | . . . . Robot Hacks Applied . | . . . . Relay Couplers Released . | . . . . Fabnet Peak Effective % . | . . . . Robots Rewired . | . . . . Allies Hacked . | . . . . Hacks Repelled . | . . . . Allies | -11 -10 -10 -7 -------- Run | Yrd Mat Sub Rec Total Allies . | . . . . Largest Group . | . . . . Highest-Rated Group . | . . . . Highest-Rated Ally . | . . . . Total Orders . | . . . . Ally Attacks . | . . . . Total Damage . | . . . . Kills . | . . . . Allies Corrupted . | . . . . Allies Melted . | . . . . Intel | -11 -10 -10 -7 ------- Run | Yrd Mat Sub Rec Robot Analysis Total . | . . . . Derelict Logs Recovered 1 | . . 1 . Drone Launches . | . . . . Drone Recoveries . | . . . . Exploration | -11 -10 -10 -7 ------------- Run | Yrd Mat Sub Rec Turns Passed 2159 | 110 604 690 755 Spaces Moved 1389 | 66 447 424 452 Core 4 | 4 . . . Treads . | . . . . Legs . | . . . . Wheels 1385 | 62 447 424 452 Hover . | . . . . Flight . | . . . . Fastest Speed 50 | 50 90 135 145 Average Speed 129 | 88 109 136 148 Slowest Speed 190 | 100 135 190 150 Overloaded Moves . | . . . . Propulsion Burnouts . | . . . . Robots Hopped . | . . . . Cave-ins Triggered . | . . . . Exploration Rate (%) 45 | 4 78 23 76 Regions Visited 3 Branch Regions 2 Pre-discovered Areas . | . . . . Known Exits Taken . | . . . . Unknown Exits Taken 3 | 1 1 1 . Scrap Searched 9 | . . 9 . Spaces Dug 13 | . 13 . . Terrain Destroyed 74 | . 65 1 8 Melee . | . . . . Projectile 10 | . 1 1 8 AOE 64 | . 64 . . Terrain Rammed . | . . . . Walls Destroyed . | . . . . Machines Disabled . | . . . . Actions | -11 -10 -10 -7 --------- Run | Yrd Mat Sub Rec Total 1605 | 102 510 480 513 Wait 10 | . 1 5 4 Move 1386 | 65 446 423 452 Hop . | . . . . Pick Up 60 | 15 10 19 16 Fast Attach 7 | 5 1 . 1 Attach 11 | 2 . 7 2 Detach . | . . . . Swap 8 | 1 5 1 1 Drop 35 | 5 9 . 21 Fire 88 | 9 38 25 16 Melee . | . . . . Ram . | . . . . Kick . | . . . . Crush . | . . . . Escape Stasis . | . . . . Rewire . | . . . . Trap . | . . . . Miscellaneous . | . . . . Route ------- -11/Scrapyard -10/Materials (discovered 4 exits: [*Mat x3] / *Sub) -10/Subcaves -7/Recycling (discovered 1 exit: [*Fac]) History --------- Turn | Location | Event 17 | -11/Scrapyard | Discovered new exit (range 16) 111 | -11/Scrapyard | Entered Materials 218 | -10/Materials | Discovered new exit (range 12) 264 | -10/Materials | Discovered new exit (range 10) 302 | -10/Materials | Build established: Mutant 437 | -10/Materials | Discovered new exit (range 7) 700 | -10/Materials | Discovered new exit (range 8) 715 | -10/Materials | Entered Subcaves 771 | -10/Subcaves | Visited 4L-MR0's lab 792 | -10/Subcaves | Found Prototype Protection 793 | -10/Subcaves | Identified Gun Armor 794 | -10/Subcaves | Attached Gun Armor, gained temporary slots: Weapon x2 1023 | -10/Subcaves | Ambushed by Subdweller buried in earth 1102 | -10/Subcaves | Build established: Gunner 1198 | -10/Subcaves | Disturbed a concealed Subdweller 1204 | -10/Subcaves | Core integrity fell below 50% 1303 | -10/Subcaves | Visited Clippyterm 1337 | -10/Subcaves | Discovered new exit (range 11) 1370 | -10/Subcaves | Learned Materials terminal intel 1387 | -10/Subcaves | Lost 3 parts (1p1n1w) 1405 | -10/Subcaves | Entered Recycling 1409 | -7/Recycling | Found Scrap Engine 1696 | -7/Recycling | Discovered new exit (range 15) 2072 | -7/Recycling | Found Powered Armor 2125 | -7/Recycling | Core integrity fell below 20% 2160 | -7/Recycling | Destroyed by Y-54 Guardian with Gatling Laser Last Messages --------------- 02072_ Acquired Powered Armor. 02095_ R-06 Scavenger collects Imp. Terrain Scanner. 02107_ R-06 Scavenger destroyed. 02111_ Acquired 22 matter. 02122_ Y-54 Guardian springs to life. 02122_ Y-54 Guardian suffers critical hit (Burn). 02126_ Y-54 Guardian Lgt. Treads blasted off. 02127_ Imp. Light Cannon destroyed. 02129_ Temporary Weapon slot lost. 02136_ R-06 Scavenger collects Com. Wheel. 02140_ Acquired 11 matter. 02144_ U-05 Engineer builds a Wall. 02150_ Lgt. Ion Engine destroyed. 02150_ Mak. Laser destroyed. 02151_ Temporary Weapon slot lost. 02153_ Imp. Light Cannon destroyed. 02154_ Sub. Beam Cannon shoots sparks and powers down. Map ----- +----------------------------------------------------+ | ????#+############?## %### !##!! # #?# !!#?????? | | ##### ####?????????# ! #?#####?????? | | #??######?##% [ ####???????????? | | #??# ??# #??????????????? | | """"" #??# #??# #??????????????? | | """"" #??# #??# #??????????????? | | """"" #??# #??# #??????????????? | | #### #??# ###########??????????????? | | # #??# # ??????????????????????? | | ########### # #??# # ?????????????????????? | | # # #??# # ?????????????????????? | | + # #??# # ????????????????????? | | " " # # #??# +?" ???????????????????? | | """ """ # ###+##### #?""" ???????????????????? | | ??"" "" # +????????????????????????? | | ??""" """ + #????????????????????????? | | ?? "" "" # #????????????????????????? | | ???"" """ ###+#+#########????????????????????????? | | ????" """ #?# #???????????????????????????? | | ????"???" #?# ! ######??????????????????????? | | ???????? ??# + % #??????????????????????? | | ???????? ??#* / ####=#??????????????????????? | | ????????##??# % #?##*#??????????????????????? | | ????????????# #??# #??????????????????????? | | ????????????# #??# #??????????????????????? | | ????######### #??#@########+??????????????? | | # + #??# Y ???????? | | # ##########??# % ???????? | | # ????????????# % ???????? | | # ????????????? r =% ????????? | | ### #######????????????########### ######????????? | | ?????????????????????????????????????????????????? | | ?????????????????????????????????????????????????? | | ?????????????????????????????????????????????????? | | | | | | | | | | | | | | | | | | | | | | | | | | | | | | | | | +----------------------------------------------------+ Best States ------------- Heat Dissipation 25 Energy Generation 15 Energy Capacity 200 Matter Stores 300 Matter Capacity 300 Sight Range 16 Terrain Scan Range 16 Terrain Scan Density 10 Armor Coverage 60 Evasion (%) 42 Item Schematics ----------------- None Robot Schematics ------------------ None Fabricated ------------ Nothing Alien Tech Used ----------------- None Achievements -------------- None Challenges ------------ None Game ------ Seed ZhirovAluminumRecalibrator Manual? 0 Play Time 00:21:15 Cumulative 68.7 hours Start 2024.04.17 @ 01:19:56 End 2024.04.17 @ 01:41:45 Sessions 1 Manual Loads 0 Difficulty Rogue Special Mode None Game No. 84 Rogue 84 Adventurer 0 Explorer 0 Win Type - Total 0 Types 0/0/0/0/0/0/0/0/0 Lore% 19 Gallery% 42 Achievement% 30 Wizard Run 0 Options --------- Layout 1 ASCII 0 Keyboard 1 Movement Vi Keybinds 0 Fullscreen 1 Font 24/Smallcaps Map View 50x35 Zoom Use 0% Tactical HUD 1 Map Filters NONE Filters NONE Steam 1 RUN: ce0290ff-80a5-463c-a2f2-c81af279fc83